 Dungeon Crawl Stone Soup version 0.14.0-24-gfb45beb (webtiles) character file.

4453 KaKa the Cleaver (level 10, -3/86 HPs)
             Began as a Minotaur Fighter on Apr 18, 2014.
             Was a Follower of Okawaru.
             Killed from afar by a steam dragon (20 damage)
             ... with a ball of steam
             ... on Level 8 of the Dungeon on Apr 24, 2014.
             The game lasted 00:31:12 (7077 turns).

KaKa the Cleaver (Minotaur Fighter)                 Turns: 7077, Time: 00:31:13

HP  -3/86        AC  9     Str 25      XL: 10   Next:  8%
MP   4/4         EV  8     Int  5      God: Okawaru [*.....]
Gold 256         SH 20     Dex 13      Spells:  0 memorised,  9 levels left

rFire  . . .     SeeInvis .     a - +0 war axe
rCold  . . .     Clarity  .     u - +3 ring mail "Craraj" {Str+4}
rNeg   + . .     Conserve .     c - +0 shield
rPois  .         rCorr    +     (helmet restricted)
rElec  .         rRot     .     (no cloak)
SustAb . .       Spirit   .     (no gloves)
rMut   .         Warding  .     (no boots)
Saprov . . .     Stasis   .     D - amulet of resist corrosion
MR     +....                    N - ring of protection from magic
                                m - ring of positive energy

@: somewhat resistant to hostile enchantments, extremely unstealthy
A: retaliatory headbutt, horns 2
a: Heroism, Renounce Religion


You were on level 8 of the Dungeon.
You worshipped Okawaru.
Okawaru was aware of your devotion.
You were hungry.

You visited 2 branches of the dungeon, and saw 9 of its levels.

You collected 256 gold pieces.

Inventory:

Hand weapons
 a - a +0,+0 war axe (weapon)
Armour
 c - a +0 shield (worn)
 p - a +2 ring mail of fire resistance
 u - the +3 ring mail "Craraj" (worn) {Str+4}
   (You found it on level 4 of the Dungeon)

   It affects your strength (+4).
 H - a +0 plate armour
 P - a +4 scale mail
Magical devices
 A - a wand of confusion (8)
Comestibles
 b - a banana
 d - 11 bread rations
 w - 4 meat rations
 z - 2 chokos
 G - 4 pears
 I - 2 beef jerkies
 K - 9 cheeses
 Q - 2 rotting chunks of gnoll flesh
Scrolls
 f - 6 scrolls of remove curse
 g - a scroll of random uselessness {unknown}
 i - 2 scrolls of identify
 n - a scroll of enchant armour {unknown}
 o - a scroll of noise {unknown}
 q - 2 scrolls of enchant weapon I {unknown}
 r - a scroll of amnesia {unknown}
 v - a scroll of magic mapping
 x - 2 scrolls of fog
 y - a scroll of enchant weapon II {unknown}
 B - a scroll of recharging {unknown}
 C - 2 scrolls of teleportation {unknown}
 M - a scroll of vulnerability {unknown}
 O - a scroll of immolation {unknown}
Jewellery
 m - a ring of positive energy (left hand)
 t - a +4 ring of evasion
 D - an amulet of resist corrosion (around neck)
 N - a ring of protection from magic (right hand)
Potions
 e - 2 potions of might
 h - a potion of agility
 j - a potion of degeneration {unknown}
 k - a potion of mutation {unknown}
 l - 3 potions of curing
 s - 2 potions of lignification {unknown}
 F - 3 potions of heal wounds {unknown}
 J - a potion of berserk rage {unknown}
 L - a potion of poison {unknown}
Books
 E - a Grand Grimoire {highlevel, unknown}

   This book is beyond your current level of understanding.

   Spells                             Type                      Level
   Aura of Abjuration                 Summoning                    6
   Forceful Dismissal                 Summoning                    6
   Haunt                              Necromancy/Summoning         7
   Summon Greater Demon               Summoning                    7
   Malign Gateway                     Summoning/Translocation      7
   Summon Horrible Things             Summoning                    8


   Skills:
 + Level 7.6 Fighting
 - Level 14.0 Axes
 + Level 7.8 Armour
 - Level 4.1 Shields


You had 9 spell levels left.
You didn't know any spells.

Dungeon Overview and Level Annotations

Branches:
Dungeon (8/15)             Temple (1/1) D:5            Lair (0/8) D:8

Altars:
Ashenzari
Cheibriados
Dithmenos
Elyvilon
Fedhas
Kikubaaqudgha
Makhleb
Nemelex Xobeh
Okawaru
Sif Muna
Trog
Vehumet
Xom
Yredelemnul
Zin
The Shining One


Innate Abilities, Weirdness & Mutations

You reflexively headbutt those who attack you in melee.
You have a pair of horns on your head.


Message History

You feel a little less mighty now.
A steam dragon comes into view.
You slash the steam dragon!
You headbutt the steam dragon, but do no damage.
The steam dragon is moderately wounded.
The steam dragon breathes steam at you. The ball of steam hits you!
* * * LOW HITPOINT WARNING * * *
You slash the steam dragon!
The steam dragon is severely wounded.
You are engulfed in a cloud of scalding steam.
The steam dragon bites you but does no damage.
The steam dragon claws you but does no damage.
You barely miss the steam dragon.
You headbutt the steam dragon, but do no damage.
The steam dragon is severely wounded.
You are engulfed in a cloud of scalding steam.
The steam dragon breathes steam at you. The ball of steam hits you!
You die...

#...........#..#.....#####.####,
##...........#[.#..#.....##.# *,
.#......(....####..#.....##.# *,
.#...........#..#..#..#..)..# ,
.............#..####..#..)).# *,
#............#..#..#..#..#.># *,
##...#.#####....#..####..#..# *,
.##..#.[.....[..#D.#,,#..#..# *,
^.##........#...@..#,,####..#***,
.^.##(......#......#,,*, #...,,,,
#..^#.......#.........#,,#..##**,
#'^##.......#...!.....#,,#..# **
.###........#####..#....,...#
.........#### #..#####*##.#
.........# ####..# ,*
.........#####.....# *,*
....(....##........# *,*


You could see a steam dragon.

Vanquished Creatures
  The ghost of nht the Grappler, an experienced TrMo of Nemelex Xobeh (D:8)
  2 hogs (D:7)
  A human (D:7)
  A black bear (D:6)
  A sky beast (D:6)
  5 phantoms
  An orc warrior (D:5)
  An ice beast (D:4)
  2 centaurs (D:7)
  3 ogres
  A big kobold (D:7)
  3 giant frogs
  3 killer bees (D:8)
  4 scorpions
  An eye of draining (D:8)
  A yak skeleton (D:8)
  5 wights (D:7)
  2 goliath beetles
  2 giant frog zombies
  A crimson imp (D:8)
  3 jellies
  2 orc priests (D:8)
  A two-headed ogre skeleton (D:6)
  2 worker ants
  7 orc wizards
  2 iguanas
  2 sheep (D:7)
  11 gnolls
  13 adders
  2 shadow imps
  3 giant mites
  3 worms
  2 giant eyeballs
  A giant gecko (D:8)
  An ooze (D:3)
  26 orcs
  A bat skeleton (D:5)
  2 giant cockroaches
  7 hobgoblins
  13 jackals
  12 kobolds
  3 quokkas
  15 bats
  A giant gecko skeleton (D:5)
  4 giant newts
  13 goblins
  A hobgoblin zombie (D:7)
  2 kobold skeletons
  An orc zombie (D:6)
  A quokka skeleton (D:4)
  13 rats
211 creatures vanquished.

Notes
Turn   | Place    | Note
--------------------------------------------------------------
     0 | D:1      | KaKa, the Minotaur Fighter, began the quest for the Orb.
     0 | D:1      | Reached XP level 1. HP: 19/19 MP: 1/1
   113 | D:1      | Reached XP level 2. HP: 26/26 MP: 1/1
   196 | D:1      | Reached skill level 4 in Shields
   568 | D:2      | Found a shadowy altar of Dithmenos.
   656 | D:2      | Reached XP level 3. HP: 28/31 MP: 2/2
  1394 | D:3      | Reached XP level 4. HP: 39/39 MP: 2/2
  1477 | D:3      | Reached skill level 5 in Axes
  2012 | D:4      | Got a dazzling ring mail
  2024 | D:4      | Identified the +3 ring mail "Craraj" {Str+4} (You found it on level 4 of the Dungeon)
  2150 | D:4      | Reached skill level 6 in Axes
  2150 | D:4      | Reached XP level 5. HP: 24/45 MP: 2/2
  2330 | D:4      | Noticed a phantom
  2377 | D:5      | Entered Level 5 of the Dungeon
  2584 | D:4      | Killed a phantom
  2584 | D:4      | Reached skill level 7 in Axes
  2584 | D:4      | Reached XP level 6. HP: 10/51 MP: 3/3
  2932 | D:4      | Paralysed by a giant eyeball for 4 turns
  2941 | D:4      | Noticed an ice beast
  2947 | D:4      | Killed an ice beast
  2947 | D:4      | Reached skill level 8 in Axes
  3389 | D:5      | Found a glowing golden altar of the Shining One.
  3391 | D:5      | Found a bloodstained altar of Trog.
  3412 | D:5      | Noticed an orc warrior
  3672 | D:5      | Killed an orc warrior
  3672 | D:5      | Reached skill level 9 in Axes
  3672 | D:5      | Reached XP level 7. HP: 57/57 MP: 3/3
  3764 | D:5      | Noticed a centaur
  3764 | D:5      | Noticed a phantom
  3764 | D:5      | Noticed a sky beast
  3809 | D:5      | Found a staircase to the Ecumenical Temple.
  3815 | Temple   | Entered the Ecumenical Temple
  4234 | D:5      | Killed a phantom
  4234 | D:5      | Reached skill level 10 in Axes
  4448 | D:6      | Reached skill level 11 in Axes
  4448 | D:6      | Reached XP level 8. HP: 48/64 MP: 3/3
  4524 | D:6      | Found a snail-covered altar of Cheibriados.
  4873 | D:6      | Found a deep blue altar of Sif Muna.
  4959 | D:6      | Reached skill level 12 in Axes
  4986 | D:7      | Paralysed by a giant eyeball for 4 turns
  5239 | D:7      | Reached skill level 13 in Axes
  5249 | D:7      | Reached XP level 9. HP: 64/70 MP: 4/4
  5372 | D:7      | Found a bloodstained altar of Trog.
  5392 | D:7      | Reached skill level 14 in Axes
  5457 | D:7      | Found an iron altar of Okawaru.
  5460 | D:7      | Became a worshipper of Warmaster Okawaru
  5760 | D:7      | Reached skill level 5 in Armour
  5808 | D:7      | Reached skill level 5 in Fighting
  6206 | D:8      | Noticed nht's ghost (experienced TrMo)
  6235 | D:8      | Upgraded the game from 0.14.0-15-g6b16f67 to 0.14.0-24-gfb45beb
  6669 | D:8      | Found a sparkling altar of Nemelex Xobeh.
  6688 | D:8      | Found a glowing silver altar of Zin.
  6692 | D:8      | Noticed an angel
  6694 | D:8      | Found a shimmering altar of Xom.
  6708 | D:8      | Found a staircase to the Lair.
  6718 | D:8      | Acquired Okawaru's first power
  7010 | D:8      | Killed nht's ghost
  7010 | D:8      | Reached XP level 10. HP: 14/86 MP: 4/4
  7077 | D:8      | Killed from afar by a steam dragon

Action                   |  1- 3 |  4- 6 |  7- 9 | 10-12 || total
-------------------------+-------+-------+-------+-------++-------
Melee: War axe           |    69 |   109 |   357 |     5 ||   540
       Unarmed           |       |       |    13 |       ||    13
Throw: Tomahawk          |       |    14 |     6 |       ||    20
Evoke: Wand              |       |       |     8 |       ||     8
  Use: Scroll            |     1 |       |     5 |       ||     6
       Potion            |       |       |     4 |       ||     4
 Stab: Paralysed         |       |       |    14 |       ||    14
       Confused          |       |       |     1 |       ||     1
